 Dungeon Crawl Stone Soup version 0.27.1-35-g4d5d836560 (webtiles) character file.

Game seed: 17169789759727267739

158 gzilladon the Shield-Bearer (level 5, -1/47 HPs)
             Began as a Gnoll Fighter on Oct 11, 2022.
             Slain by a rust devil (8 damage)
             ... on level 5 of the Dungeon.
             The game lasted 00:08:49 (3031 turns).

gzilladon the Shield-Bearer (Gnoll Fighter)         Turns: 3031, Time: 00:08:50

Health: -1/47      AC:  9    Str: 17    XL:     5   Next: 40%
Magic:  7/7        EV:  8    Int:  7    God:
Gold:   134        SH: 10    Dex: 11    Spells: 6/6 levels left

rFire    . . .     SeeInvis .   a - +0 war axe
rCold    . . .     Faith    .   c - +0 kite shield
rNeg     . . .     Spirit   .   b - +0 scale mail
rPois    .         Reflect  .   (no helmet)
rElec    .         Harm     .   (no cloak)
rCorr    .         Rampage  .   (no gloves)
Will     .....                  o - +0 pair of boots
Stlth    ..........             (no amulet)
HPRegen  0.15/turn              m - ring of flight
MPRegen  0.10/turn              (no ring)

@: flying
A: fangs 1, strong nose, distributed training
a: no special abilities


You were on level 5 of the Dungeon.
You visited 1 branch of the dungeon, and saw 5 of its levels.

You collected 134 gold pieces.

Inventory:

Hand Weapons
 a - a +0 war axe (weapon)
Missiles
 e - 69 stones (quivered)
 u - 2 throwing nets
Armour
 b - a +0 scale mail (worn)
 c - a +0 kite shield (worn)
 o - a +0 pair of boots (worn)
Jewellery
 m - a ring of flight (left hand)
Scrolls
 f - a scroll of enchant weapon {unknown}
 g - a scroll of enchant armour {unknown}
 j - a scroll of blinking {unknown}
 l - 2 scrolls of teleportation {unknown}
 n - 2 scrolls of identify {unknown}
 p - a scroll of brand weapon {unknown}
 q - a scroll of vulnerability {unknown}
 r - a scroll of immolation {unknown}
 v - a scroll of amnesia {unknown}
Potions
 d - a potion of might
 h - a potion of heal wounds {unknown}
 i - a potion of magic {unknown}
 k - a potion of lignification {unknown}
 s - a potion of curing {unknown}
 t - a potion of cancellation {unknown}
 w - a potion of degeneration {unknown}


   Skills:
 + Level 6.7 Fighting
 + Level 1.4 Short Blades
 + Level 1.4 Long Blades
 + Level 4.8 Axes
 + Level 1.4 Maces & Flails
 + Level 1.4 Polearms
 + Level 1.4 Staves
 + Level 1.4 Slings
 + Level 1.4 Bows
 + Level 1.4 Crossbows
 + Level 1.4 Throwing
 + Level 6.7 Armour
 + Level 1.4 Dodging
 + Level 1.4 Stealth
 + Level 6.7 Shields
 + Level 1.4 Unarmed Combat
 + Level 1.4 Spellcasting
 + Level 1.1 Conjurations
 + Level 1.1 Hexes
 + Level 1.1 Summonings
 + Level 1.1 Necromancy
 + Level 1.1 Translocations
 + Level 1.1 Transmutations
 + Level 1.1 Fire Magic
 + Level 1.1 Ice Magic
 + Level 1.1 Air Magic
 + Level 1.1 Earth Magic
 + Level 1.1 Poison Magic
 + Level 1.6 Invocations
 + Level 1.4 Evocations


You had 6 spell levels left.
You didn't know any spells.
Your spell library was empty.

Dungeon Overview and Level Annotations

Branches:
Dungeon (6/15)
 Temple: D:4-7

Altars:


Innate Abilities, Weirdness & Mutations

You have very sharp teeth.
Your uncanny sense of smell can sniff out nearby items.
Your experience applies equally to all skills.


Message History

You block the hound's attack. The hound bites you.
You hit the hound but do no damage.
The hound is heavily wounded.
The hound barely misses you. x2
You slash the hound!
You kill the hound!
You see here a hound corpse.
You start resting.
HP restored.
Found a stone staircase leading up.
There is a stone staircase leading up here.
You fly upwards.
The orc warrior shouts!
The rust devil screeches! x2
Found a war axe, a scimitar, a fading halberd and a morningstar.
There is a stone staircase leading down here.
You block the orc warrior's attack.
The orc warrior hits you with a +0 long sword!
Your scale mail prevents you from hitting the orc warrior.
You barely miss the orc warrior. The orc warrior closely misses you. x2
Your scale mail prevents you from hitting the orc warrior.
You hit the orc warrior but do no damage.
The orc warrior barely misses you.
The orc warrior hits you with a +0 long sword.
The orc warrior hits you with a +0 dire flail!
The orc warrior closely misses you.
You barely miss the orc warrior. Your bite misses the orc warrior.
You hit the orc warrior but do no damage.
You closely miss the rust devil.
You hit the rust devil but do no damage.
You block the rust devil's attack. The orc warrior completely misses you.
The orc warrior jeers loudly, as Orcs often do.
You block the orc warrior's attack. The rust devil barely misses you.
The rust devil closely misses you.
You barely miss the orc warrior.
You hit the orc warrior but do no damage.
You closely miss the rust devil. You barely miss the rust devil.
The orc warrior hits you with a +0 dire flail!
* * * LOW HITPOINT WARNING * * *
You block the orc warrior's attack. The rust devil hits you!
You die...

###∆ #
#)#+#)#
#♣.....♣#
##.4o....##
#>.@o8...∩#
##..4....##
#♣.....♣#
#)#+#)#
###∆ #


You could see 2 rust devils and 2 orc warriors.

Vanquished Creatures
  A hound (D:6)
  4 gnolls (D:3)
  An adder (D:2)
  An ufetubus (D:2)
  2 worms (D:2)
  3 dart slugs
  2 orcs (D:3)
  3 bats
  6 endoplasms
  A giant cockroach (D:1)
  11 goblins
  5 hobgoblins
  3 jackals (D:1)
  4 kobolds
  2 quokkas (D:1)
  A ball python (D:3)
  2 frilled lizards
  5 rats
57 creatures vanquished.

Notes
Turn   | Place    | Note
-------+----------+-------------------------------------------
     0 | D:1      | gzilladon the Gnoll Fighter began the quest for the Orb.
     0 | D:1      | Reached XP level 1. HP: 23/23 MP: 1/1
   128 | D:1      | Reached XP level 2. HP: 29/29 MP: 2/2
   272 | D:1      | Reached XP level 3. HP: 32/35 MP: 3/3
   671 | D:1      | Reached skill level 1 in Invocations
  1033 | D:2      | Reached skill level 1 in Short Blades
  1033 | D:2      | Reached skill level 1 in Long Blades
  1033 | D:2      | Reached skill level 1 in Maces & Flails
  1033 | D:2      | Reached skill level 1 in Polearms
  1033 | D:2      | Reached skill level 1 in Staves
  1033 | D:2      | Reached skill level 1 in Slings
  1033 | D:2      | Reached skill level 1 in Bows
  1033 | D:2      | Reached skill level 1 in Crossbows
  1033 | D:2      | Reached skill level 1 in Throwing
  1033 | D:2      | Reached skill level 1 in Dodging
  1033 | D:2      | Reached skill level 1 in Stealth
  1033 | D:2      | Reached skill level 1 in Unarmed Combat
  1033 | D:2      | Reached skill level 1 in Spellcasting
  1033 | D:2      | Reached skill level 1 in Evocations
  1263 | D:2      | Reached XP level 4. HP: 37/41 MP: 5/5
  2322 | D:3      | Reached skill level 1 in Conjurations
  2322 | D:3      | Reached skill level 1 in Hexes
  2322 | D:3      | Reached skill level 1 in Summonings
  2322 | D:3      | Reached skill level 1 in Necromancy
  2322 | D:3      | Reached skill level 1 in Translocations
  2322 | D:3      | Reached skill level 1 in Transmutations
  2322 | D:3      | Reached skill level 1 in Fire Magic
  2322 | D:3      | Reached skill level 1 in Ice Magic
  2322 | D:3      | Reached skill level 1 in Air Magic
  2322 | D:3      | Reached skill level 1 in Earth Magic
  2322 | D:3      | Reached skill level 1 in Poison Magic
  2330 | D:3      | Reached XP level 5. HP: 14/47 MP: 6/6
  2885 | D:3      | You are sucked into a shaft and drop 3 floors!
  3025 | D:5      | Entered Level 5 of the Dungeon
  3025 | D:5      | Noticed an orc warrior
  3025 | D:5      | Noticed a rust devil
  3025 | D:5      | Noticed an orc warrior
  3025 | D:5      | Noticed a rust devil
  3031 | D:5      | Slain by a rust devil

Illustrated notes

Levels and vault maps discovered:
D:1:      dpeg_arrival_rhombi, layout_basic
D:2:      layout_basic
D:3:      minmay_spotlight, layout_loops_ring
D:5:      cheibrodos_iron_armory, layout_loops_ring, overflow_temple_1_default,
          minmay_misc_feat_x, kennysheep_small_square
D:6:      layout_layer_cave, nzn_wu_jian_contemplation,
          minmay_temple_entry_junction

Skill      XL: |  1  2  3  4 |
---------------+-------------+-----
Invocations    | 1 |  1.6
Short Blades   | 1 |  1.4
Long Blades    | 1 |  1.4
Maces & Flails | 1 |  1.4
Polearms       | 1 |  1.4
Staves         | 1 |  1.4
Slings         | 1 |  1.4
Bows           | 1 |  1.4
Crossbows      | 1 |  1.4
Throwing       | 1 |  1.4
Dodging        | 1 |  1.4
Stealth        | 1 |  1.4
Unarmed Combat | 1 |  1.4
Spellcasting   | 1 |  1.4
Evocations     | 1 |  1.4
Conjurations   | 1 |  1.1
Hexes          | 1 |  1.1
Summonings     | 1 |  1.1
Necromancy     | 1 |  1.1
Translocations | 1 |  1.1
Transmutations | 1 |  1.1
Fire Magic     | 1 |  1.1
Ice Magic      | 1 |  1.1
Air Magic      | 1 |  1.1
Earth Magic    | 1 |  1.1
Poison Magic   | 1 |  1.1
Fighting       | |  6.7
Axes           | |  4.8
Armour         | |  6.7
Shields        | |  6.7

Action                   |  1- 3 |  4- 6 || total
-------------------------+-------+-------++-------
Melee: War axe           |    75 |    86 ||   161
       Bite              |     4 |    10 ||    14
Armor: Scale mail        |    49 |    43 ||    92
Dodge: Dodged            |    27 |    25 ||    52
Block: Kite shield       |    51 |    42 ||    93
